 Dungeon Crawl Stone Soup version 0.24.0-123-gd5b16e6ec5 (webtiles) character file.

Game seed: 2058467492664572536, levelgen mode: deterministic

382 Bergy the Cudgeler (level 6, 0/37 HPs)
             Began as a Gargoyle Fighter on Dec 21, 2019.
             Slain by Edmund
             ... wielding a +0 dire flail of holy wrath
              (12 damage)
             ... on level 4 of the Dungeon.
             The game lasted 00:10:39 (3509 turns).

Bergy the Cudgeler (Gargoyle Fighter)               Turns: 3509, Time: 00:10:39

Health: 0/37       AC: 11    Str: 27    XL:     6   Next: 76%
Magic:  6/6        EV:  7    Int:  8    God:
Gold:   140        SH:  9    Dex:  9    Spells: 5/5 levels left

rFire    + . .     SeeInvis .   a - +0 flail
rCold    x . .     Gourm    .   c - +0 shield
rNeg     + + .     Faith    .   b - +0 scale mail
rPois    ∞         Spirit   .   (no helmet)
rElec    +         Reflect  .   (no cloak)
rCorr    .         Harm     .   (no gloves)
MR       .....                  (no boots)
Stlth    ..........             (no amulet)
HPRegen  0.12/turn              m - ring of fire
MPRegen  0.10/turn              r - ring of positive energy

@: mighty
A: negative energy resistance 1, electricity resistance, unbreathing,
petrification resistance, rot immunity, AC +4
a: no special abilities


You were on level 4 of the Dungeon.
You were not hungry.

You visited 1 branch of the dungeon, and saw 5 of its levels.

You collected 140 gold pieces.

Inventory:

Hand Weapons
 a - a +0 flail (weapon)
Armour
 b - a +0 scale mail (worn)
 c - a +0 shield (worn)
Jewellery
 m - a ring of fire (left hand)
 r - a ring of positive energy (right hand)
 x - an uncursed ring of resist corrosion {unknown}
Wands
 s - a wand of iceblast (10)
Scrolls
 i - 6 scrolls of remove curse
 j - a scroll of immolation {unknown}
 k - a scroll of enchant weapon {unknown}
 l - 5 scrolls of identify {unknown}
 o - 2 scrolls of magic mapping {unknown}
 p - a scroll of fear {unknown}
 t - a scroll of teleportation {unknown}
 u - a scroll of blinking {unknown}
Potions
 d - a potion of might
 e - a potion of invisibility {unknown}
 g - 2 potions of degeneration {unknown}
 h - 4 potions of curing {unknown}
 n - a potion of ambrosia {unknown}
 q - a potion of mutation {unknown}
 v - a potion of heal wounds {unknown}
Comestibles
 f - 10 rations


   Skills:
 - Level 3.2 Fighting
 * Level 7.0 Maces & Flails
 - Level 3.2 Armour
 - Level 3.2 Shields


You had 5 spell levels left.
You didn't know any spells.
Your spell library was empty.

Dungeon Overview and Level Annotations

Branches:
Dungeon (5/15)
 Temple: D:4-7

Altars:
Dithmenos
Fedhas
Trog
Wu Jian
Xom
The Shining One

Annotations:
D:4 Edmund, Eustachio


Innate Abilities, Weirdness & Mutations

You are resistant to torment.
Your stone body is resilient. (AC +4)
You are immune to poison.
You resist negative energy. (rN+)
You are resistant to electric shocks. (rElec)
You can survive without breathing.
You are immune to petrification.
You are immune to rotting.


Message History

You block the quasit's attack. The quasit completely misses you.
You block the quasit's attack.
The quasit bites you but does no damage.
The quasit barely misses you. You block the quasit's attack.
Eustachio says, "Summoning is fun!"
Eustachio completely misses you.
You are too injured to fight recklessly!
You are too injured to fight recklessly!
You are too injured to fight recklessly!
You closely miss Edmund.
Edmund is lightly wounded.
You block the quasit's attack. The quasit claws you.
You block the quasit's attack. The shadow imp gestures at you.
Pain shoots through your body!
The quasit bites you but does no damage.
The quasit barely misses you.
The quasit claws you but does no damage.
Edmund hits you with a +0 dire flail of holy wrath!
You die...

###### ### ###....## #.#
##.......# ### ##.###......###
##.## ####...###(..#.# #...# ###
#.....>.##.##### #...###.#
#..##...#...### #.....#.##
####@5#..........#
.........###.#.5@##.##......##
..##...........5@####........#
..##.##.........b...........##
.##..#.....##..#.##..#.....######
.##..#.....[.....##..#.......#.#.
.................##.........§....
#######.#....#..###..............
#### #<.##...#.........##..r.....
...# #.......#..##......#.......#


You could see Edmund, Eustachio, 2 quasits, a shadow imp and a bat.

Vanquished Creatures
  A centaur (D:3)
  An orc wizard (D:4)
  Ijyb (D:3)
  An iguana (D:5)
  A worker ant (D:4)
  Natasha (twice) (D:3)
  5 adders
  An adder skeleton (D:4)
  2 worms
  3 dart slugs
  3 leopard geckos
  4 orcs
  2 ball pythons
  9 bats
  4 giant cockroaches
  10 goblins
  13 hobgoblins
  8 jackals
  A quokka (D:3)
  6 frilled lizards
  6 kobolds
  3 rats
87 creatures vanquished.

Notes
Turn   | Place    | Note
-------+----------+-------------------------------------------
     0 | D:1      | Bergy the Gargoyle Fighter began the quest for the Orb.
     0 | D:1      | Reached XP level 1. HP: 14/14 MP: 1/1
   130 | D:1      | Reached XP level 2. HP: 18/19 MP: 2/2
   212 | D:1      | Reached skill level 3 in Maces & Flails
   368 | D:1      | Reached XP level 3. HP: 21/23 MP: 3/3
   942 | D:2      | Found a glowing golden altar of the Shining One.
   943 | D:2      | Found a shimmering altar of Xom.
   943 | D:2      | Found a blossoming altar of Fedhas.
   944 | D:2      | Found a shadowy altar of Dithmenos.
  1106 | D:2      | Reached skill level 4 in Maces & Flails
  1252 | D:2      | Reached XP level 4. HP: 28/28 MP: 4/4
  1714 | D:2      | Found a bloodstained altar of Trog.
  1714 | D:2      | Found an ornate altar of the Wu Jian Council.
  2273 | D:3      | Reached skill level 5 in Maces & Flails
  2286 | D:3      | Reached XP level 5. HP: 31/32 MP: 5/5
  2322 | D:3      | Noticed Natasha
  2330 | D:3      | Killed Natasha
  2422 | D:3      | Noticed a centaur
  2435 | D:3      | Killed a centaur
  2435 | D:3      | Reached skill level 6 in Maces & Flails
  2435 | D:3      | Reached XP level 6. HP: 24/37 MP: 6/6
  2912 | D:3      | Noticed Natasha
  2923 | D:3      | Killed Natasha
  2975 | D:4      | Noticed Ijyb
  3004 | D:3      | Killed Ijyb
  3188 | D:4      | Noticed Eustachio
  3234 | D:5      | Entered Level 5 of the Dungeon
  3240 | D:5      | Reached skill level 7 in Maces & Flails
  3483 | D:4      | Noticed Edmund
  3509 | D:4      | Slain by Edmund

Levels and vault maps discovered:
D:1:      erik_arrival_triangle_small, layout_basic
D:2:      layout_loops_ring, chequers_temple_overflow_statue_of_worship,
          gammafunk_temple_overflow_elements
D:3:      layout_basic, first_ration, uniq_natasha
D:4:      minmay_inner_zag, layout_cave_pools, temple_hall, uniq_edmund,
          uniq_ijyb, uniq_eustachio
D:5:      layout_cave_pods, bloody_makhleb

Skill      XL: |  1  2  3  4  5  6 |
---------------+-------------------+-----
Maces & Flails | 3 4 5 6 7 |  7.0
Fighting       | |  3.2
Armour         | |  3.2
Shields        | |  3.2

Action                   |  1- 3 |  4- 6 || total
-------------------------+-------+-------++-------
Melee: Flail             |   173 |   253 ||   426
  Use: Scroll            |       |     1 ||     1
       Potion            |       |     1 ||     1
  Eat: Chunk             |     1 |     5 ||     6
       Ration            |       |     1 ||     1
Armor: Scale mail        |    88 |   149 ||   237
Dodge: Dodged            |    55 |    96 ||   151
Block: Shield            |   104 |   175 ||   279
